Cogmind - Beta 10.1 @@@ ROGUE MODE // 2020.09.21 @ 22:49:44 Player: Terminus Result: Destroyed by D-53 Grenadier with Mini Grenade Launcher Performance ------------- Evolutions (0) 0 Regions Visited (2) 400 Robots Destroyed (23) 115 Value Destroyed (344) 344 Prototype IDs (0) 0 Alien Tech Used (0) 0 Bonus (0) 0 TOTAL SCORE: 859 Bonus ------- None Cogmind --------- Core Integrity 0/250 Matter 267/300 Energy 85/250 System Corruption 0% Temperature Cool (0) Movement Walking (180) Ox2 Location -10/Mines Parts ------- > --- POWER (1) -------- Ion Engine > --- PROPULSION (2) --- Aluminum Leg Aluminum Leg > --- UTILITY (2) ------ Large Storage Unit High-capacity Storage Unit > --- WEAPON (2) ------- (None) > --- INVENTORY (18) --- Aluminum Leg Improved Heat Sink Large Storage Unit Light Armor Plating Light Armor Plating Light Armor Plating Light Armor Plating EM Pulse Gun Medium Laser Small Laser Small Laser Particle Gun Assault Rifle Assault Rifle Light Assault Rifle Peak State ------------ > --- POWER ------------ Light Ion Engine > --- PROPULSION ------- Aluminum Leg Aluminum Leg > --- UTILITY ---------- Large Storage Unit High-capacity Storage Unit > --- WEAPON ----------- Assault Rifle Assault Rifle > --- INVENTORY -------- Ion Engine Ion Engine Aluminum Leg Improved Heat Sink Large Storage Unit Light Armor Plating Light Armor Plating Light Armor Plating Light Armor Plating Medium Laser Small Laser Small Laser Particle Gun Assault Rifle Assault Rifle Assault Rifle Light Assault Rifle [Rating: 9] Favorites ----------- Power Light Ion Engine Engine Light Ion Engine Propulsion Aluminum Leg Leg Aluminum Leg Utility Large Storage Unit Storage Large Storage Unit Weapon Assault Rifle Energy Gun Small Laser Ballistic Gun Assault Rifle Build | -11 -10 -10 ------- Run | Scr Mat Min Slots Evolved . | . . . Power . | . . . Propulsion . | . . . Utility . | . . . Weapon . | . . . Parts Attached 20 | 7 10 3 Power 3 | 1 1 1 Engine 3 | 1 1 1 Core . | . . . Reactor . | . . . Propulsion 8 | 2 4 2 Treads . | . . . Leg 8 | 2 4 2 Wheel . | . . . Hover . | . . . Flight . | . . . Utility 5 | 2 3 . Device . | . . . Storage 5 | 2 3 . Processor . | . . . Hackware . | . . . Protection . | . . . Artifact . | . . . Weapon 4 | 2 2 . Energy Gun 1 | 1 . . Energy Cannon . | . . . Ballistic Gun 3 | 1 2 . Ballistic Cannon . | . . . Launcher . | . . . Special Weapon . | . . . Impact Weapon . | . . . Slashing Weapon . | . . . Piercing Weapon . | . . . Special Melee Weapon . | . . . Unidentified Prototypes . | . . . Parts Lost 7 | . 2 5 Power 2 | . 1 1 Propulsion 2 | . . 2 Utility . | . . . Weapon 3 | . 1 2 Highest Loss Streak 5 | . 2 5 Average Slot Usage (%) 99 | . 99 91 Engine 13 | . 13 14 Leg 27 | . 28 19 Storage 28 | . 28 28 Ballistic Gun 27 | . 27 28 Naked Turns . | . . . Heaviest Build 57 | 14 57 57 Greatest Support 20 | 20 20 20 Greatest Overweight (x) 5 | 2 5 5 Average Overweight (x) 1 | . 1 3 Largest Inventory Capacity 18 | 8 18 18 Average Capacity 16 | 6 16 18 Most Carried 18 | 1 18 18 Average Carried 12 | . 12 17 Final Capacity 18 | 8 18 18 Final Carried 18 | 1 18 15 Class Distribution -------------------- 100% | Mutant Dominant Class ---------------- Mutant | -10/Materials Mutant | -10/Mines Resources | -11 -10 -10 ----------- Run | Scr Mat Min Matter Collected 773 | 273 444 56 Remotely . | . . . Salvage Created 722 | 72 624 26 Parts 52 | 4 44 4 Haulers Intercepted 2 | . 2 . Recyclers Shooed 1 | . 1 . Parts Field Recycled . | . . . Retrieved Matter . | . . . Parts Self-Destructed . | . . . Prevented . | . . . Kills | -11 -10 -10 ------- Run | Scr Mat Min Combat Hostiles Destroyed 15 | . 13 2 Guns 15 | . 13 2 Classes Destroyed 7 | 1 5 1 Worker 3 | . 3 . Builder 2 | . 2 . Hauler 2 | . 2 . Recycler 1 | 1 . . Swarmer 7 | . 6 1 Grunt 7 | . 7 . Assembled 1 | . . 1 Best Kill Streak 5 | 1 5 2 Combat Bots Only 3 | . 3 2 Max Kills in Single Turn 1 | 1 1 1 Gunslinging . | . . . Exploded . | . . . Melee . | . . . Uniques/NPCs Destroyed . | . . . Combat | -11 -10 -10 -------- Run | Scr Mat Min Damage Taken 1210 | . 630 580 Core 263 | . 134 129 Absorbed by Shields . | . . . Core Remaining (%) 100 | 100 . . Volleys Fired 74 | 1 68 5 Largest 2 | 2 2 2 Hottest 60 | 60 40 40 Shots Fired 148 | 2 136 10 Gun 148 | 2 136 10 Cannon . | . . . Launcher . | . . . Special . | . . . Kinetic 147 | 1 136 10 Thermal 1 | 1 . . Explosive . | . . . Electromagnetic . | . . . Robot Hit Streak 12 | 2 12 4 Robot Miss Streak 6 | . 6 5 Penetration Max . | . . . Secondary Targets 5 | . 3 2 Max Gunslinging Chain 1 | . 1 1 Shots Hit Robots 93 | 2 85 6 Core Hits 36 | 2 31 3 Critical Hits 1 | . 1 . Critical Kills 1 | . 1 . Critical Parts Destroyed . | . . . Melee Attacks . | . . . Impact . | . . . Slashing . | . . . Piercing . | . . . Sneak Attacks . | . . . Combat Hostiles . | . . . Follow-up Attacks . | . . . Damage Inflicted 1090 | 26 979 85 Guns 1090 | 26 979 85 Cannons . | . . . Explosions . | . . . Melee . | . . . Ramming . | . . . Kinetic 1078 | 14 979 85 Thermal 12 | 12 . . Explosive . | . . . Electromagnetic . | . . . Impact . | . . . Slashing . | . . . Piercing . | . . . Highest Corruption . | . . . Average Corruption . | . . . Corruption Purged . | . . . Overload Shots . | . . . Overflow Damage . | . . . Projectiles . | . . . Explosions . | . . . Melee . | . . . Knockbacks . | . . . Impact . | . . . Kinetic . | . . . Secondary . | . . . Self-Inflicted Damage . | . . . Shots . | . . . Rammed . | . . . Targets Rammed . | . . . Kicked . | . . . Crushed . | . . . Highest Temperature 8 | . 8 . Average Temperature 3 | . 3 . Received Heat Transfer 123 | . 123 . Siege Activations . | . . . Robots Corrupted . | . . . Combat Hostiles . | . . . Parts Fried . | . . . Impact Corruptions . | . . . Robots Melted . | . . . Combat Hostiles . | . . . Parts Melted . | . . . Heat Transferred 25 | 25 . . Parts Sabotaged . | . . . Parts Stolen . | . . . Parts Stripped . | . . . Power Chain Reactions . | . . . Missiles Intercepted . | . . . Alert | -11 -10 -10 ------- Run | Scr Mat Min Peak Influence 228 | 5 228 81 Initial 51 | . 3 51 Average 84 | 1 89 71 Maximum Alert Level 1 | . 1 . Low Security (%) 88 | 100 87 100 Level 1 11 | . 12 . Level 2 . | . . . Level 3 . | . . . Level 4 . | . . . Level 5 . | . . . High Security . | . . . Max Security . | . . . Squads Dispatched 3 | . 3 . Investigation 2 | . 2 . Extermination . | . . . Reinforcement 1 | . 1 . Assault . | . . . Garrison . | . . . Intercept . | . . . Construction Impeded . | . . . Haulers Reinforced . | . . . Stealth | -11 -10 -10 --------- Run | Scr Mat Min Distress Signals 2 | . 2 . Communications Jammed . | . . . Distress Signals . | . . . Times Spotted 52 | . 28 24 Peak Tracking Total 22 | . 4 22 Tactical Retreats . | . . . Traps | -11 -10 -10 ------- Run | Scr Mat Min Traps Triggered 1 | . 1 . Indirectly . | . . . Trap Hack Attempts . | . . . Triggered . | . . . Disarmed . | . . . Reprogrammed . | . . . Reused . | . . . Traps Extracted . | . . . Installed . | . . . Triggered . | . . . Machines | -11 -10 -10 ---------- Run | Scr Mat Min Machines Disabled 1 | . 1 . Max in Single Turn 1 | . 1 . Machines Sabotaged . | . . . Garrisons Compromised . | . . . Overloaded Fab Kills . | . . . Fab Network Shutdowns . | . . . Hacking | -11 -10 -10 --------- Run | Scr Mat Min Machines Accessed 7 | . 7 . Terminals 5 | . 5 . Fabricators . | . . . Repair Stations . | . . . Recycling Units 2 | . 2 . Scanalyzers . | . . . Garrison Access . | . . . Total Hacks 22 | . 22 . Successful 16 | . 16 . Failed 6 | . 6 . Catastrophic . | . . . Database Lockouts . | . . . Manual 19 | . 19 . Terminals 20 | . 20 . Fabricators . | . . . Repair Stations . | . . . Recycling Units 2 | . 2 . Scanalyzers . | . . . Garrison Access . | . . . Terminal Hacks 9 | . 9 . Part Schematic 1 | . 1 . Machine Index 1 | . 1 . Terminal Index 1 | . 1 . Alert Level 3 | . 3 . Zone Layout 3 | . 3 . Fabricator Hacks . | . . . Repair Station Hacks . | . . . Recycling Unit Hacks . | . . . Scanalyzer . | . . . Garrison Access Hacks . | . . . Unauthorized Hacks 7 | . 7 . Terminals 5 | . 5 . Botnet 5 | . 5 . Fabricators . | . . . Repair Stations . | . . . Recycling Units 2 | . 2 . Tunnel 2 | . 2 . Scanalyzers . | . . . Garrison Access . | . . . Data Cores Recovered . | . . . Used . | . . . Hacking Detections 4 | . 4 . Full Trace Events . | . . . Feedback Events . | . . . Feedback Blocked . | . . . Robot Schematics Acquired . | . . . Robots Built . | . . . Matter . | . . . Time . | . . . Total Robot Build Rating . | . . . Part Schematics Acquired 1 | . 1 . Parts Built . | . . . Matter . | . . . Time . | . . . Total Part Build Rating . | . . . Parts Repaired . | . . . Time . | . . . Parts Recycled . | . . . Recycled Matter . | . . . Retrieved Matter . | . . . Retrieved Components . | . . . Parts Scanalyzed . | . . . Part Schematics Acquired . | . . . Parts Damaged . | . . . Bothacking | -11 -10 -10 ------------ Run | Scr Mat Min Used RIF Installer . | . . . Robots Hacked . | . . . Non-combat . | . . . Combat . | . . . Robot Hacks Applied . | . . . Relay Couplers Released . | . . . Robots Rewired . | . . . Allies Hacked . | . . . Hacks Repelled . | . . . Allies | -11 -10 -10 -------- Run | Scr Mat Min Total Allies . | . . . Largest Group . | . . . Highest-Rated Group . | . . . Highest-Rated Ally . | . . . Total Orders . | . . . Ally Attacks . | . . . Total Damage . | . . . Kills . | . . . Allies Corrupted . | . . . Allies Melted . | . . . Intel | -11 -10 -10 ------- Run | Scr Mat Min Robot Analysis Total . | . . . Derelict Logs Recovered . | . . . Drone Launches . | . . . Drone Recoveries . | . . . Exploration | -11 -10 -10 ------------- Run | Scr Mat Min Turns Passed 1407 | 66 1291 50 Spaces Moved 683 | 42 627 14 Core 13 | 13 . . Treads . | . . . Legs 670 | 29 627 14 Wheels . | . . . Hover . | . . . Flight . | . . . Fastest Speed 50 | 50 120 180 Average Speed 161 | 122 162 225 Slowest Speed 270 | 150 270 270 Overloaded Moves . | . . . Propulsion Burnouts . | . . . Robots Hopped . | . . . Cave-ins Triggered . | . . . Exploration Rate (%) 34 | 4 90 9 Regions Visited 2 Branch Regions 1 Pre-discovered Areas 2 | . 2 . Known Exits Taken . | . . . Unknown Exits Taken 2 | 1 1 . Scrap Searched . | . . . Spaces Dug . | . . . Terrain Destroyed . | . . . Melee . | . . . Projectile . | . . . AOE . | . . . Terrain Rammed . | . . . Walls Destroyed . | . . . Machines Disabled . | . . . Actions | -11 -10 -10 --------- Run | Scr Mat Min Total 839 | 51 766 22 Wait 35 | 1 34 . Move 681 | 41 626 14 Hop . | . . . Pick Up 21 | 1 20 . Fast Attach 7 | 7 . . Attach 5 | . 2 3 Detach . | . . . Swap 8 | . 8 . Drop 8 | . 8 . Fire 74 | 1 68 5 Melee . | . . . Ram . | . . . Kick . | . . . Crush . | . . . Escape Stasis . | . . . Rewire . | . . . Trap . | . . . Miscellaneous . | . . . Route ------- -11/Scrapyard -10/Materials (discovered 4 exits: [*Mat x2] / [*Min x2]) -10/Mines History --------- Turn | Location | Event 10 | -11/Scrapyard | Discovered new exit (range 15) 67 | -11/Scrapyard | Entered Materials 104 | -10/Materials | Discovered new exit (range 15) 315 | -10/Materials | Build established: Mutant 704 | -10/Materials | Discovered new exit (range 4) 741 | -10/Materials | Discovered new exit (range 5) 1042 | -10/Materials | Core integrity fell below 50% 1120 | -10/Materials | Discovered new exit (range 8) 1358 | -10/Materials | Entered Mines 1359 | -10/Mines | Assembled infested the area 1404 | -10/Mines | Core integrity fell below 20% 1408 | -10/Mines | Destroyed by D-53 Grenadier with Mini Grenade Launcher Last Messages --------------- 01376_ as-24007 destroyed. 01376_ Switching to secondary target: as-06564. 01377_ Acquired 12 matter. 01377_ Aluminum Leg destroyed. 01381_ as-06564 powers down. 01396_ Acquired 16 matter. 01400_ C-30 ARC bursts open, deploying its payload. 01400_ D-53 Grenadier unfolds itself. 01400_ as-02838 destroyed. 01400_ T-07 Excavator destroyed. 01401_ Aluminum Leg destroyed. 01401_ Assault Rifle destroyed. 01401_ as-79321 destroyed. 01402_ as-85009 destroyed. 01402_ as-06564 destroyed. 01404_ as-96466 destroyed. 01405_ Ion Engine destroyed. 01406_ Assault Rifle destroyed. 01407_ as-27569 destroyed. 01408_ The unstable cave ceiling collapses. Map ----- +----------------------------------------------------+ | ?????????????????????????????????????????????? | | ?????????????????????????????????????????????? | | ?????????????????????????????????????????????? | | ?????????????????????????????????????????????? | | ?????????????????????????????????????????????? | | ?????????????????????????????????????????????? | | ????????????#????????????????????????????????? | | ????????????# ???????????????????????????????? | | ???????????## ??????????????????????????????? | | ??????????## ??????????????????????????????? | | ?????????## ?????????????????????????????? | | ?????????? ?????????????????????????????? | | ??????????? #????????????????????????????? | | ???????????? #???????????????????????????? | | ?????????????# ###????????????????????????? | | ??????????????# ##???????????????????????? | | ??????????????# ????????????????????????? | | ??????????????? ????????????????????????? | | ????????????????? #????????????????????????? | | ??????????????????# #######??????????????????? | | ??????????????????#=## ##?????????????????? | | ??????????????????#% ###???????????????? | | ?????????????????##dd ##??? ##???????? | | ?????????????????#[ # #???????? | | ?????????????????# * #???????? | | ?????????????????## a @ #????????? | | ??????????????????## # ######?????????? | | ???????????????????# #??????????????? | | ???????????????????## ##??????????????? | | ????????????????????## # ##???????????????? | | ?????????????????????## ####????????????????? | | ??????????????????????#a ???????????????????? | | ?????????????????????? ??????????????????? | | ?????????????????????? ?????????????????? | | ?????????????????????# a ?????????????????? | | ?????????????????????##% % ????????????????? | | ??????????????????????#a " ???????????????? | | ??????????????????????# ????????????????? | | ??????????????????????# ??????????????????? | | ??????????????????????#a ???????????????????? | | ??????????????????????? ???????????????????? | | ?????????????????????????????????????????????? | | ?????????????????????????????????????????????? | | ?????????????????????????????????????????????? | | ?????????????????????????????????????????????? | | ?????????????????????????????????????????????? | | ?????????????????????????????????????????????? | | ?????????????????????????????????????????????? | | ?????????????????????????????????????????????? | | ?????????????????????????????????????????????? | +----------------------------------------------------+ Best States ------------- Heat Dissipation 25 Energy Generation 10 Energy Capacity 250 Matter Stores 300 Matter Capacity 300 Sight Range 16 Terrain Scan Density 10 Evasion (%) 40 Item Schematics ----------------- Lrg. Storage Unit | -10/Materials | Hacked Robot Schematics ------------------ None Fabricated ------------ Nothing Alien Tech Used ----------------- None Achievements -------------- None Challenges ------------ None Game ------ Seed SmartbombAssembledConverter Manual? 0 Play Time 00:07:05 Cumulative 1092.8 hours Start 2020.09.21 @ 22:43:14 End 2020.09.21 @ 22:49:44 Sessions 1 Manual Loads 0 Difficulty Rogue Special Mode None Game No. 358 Rogue 358 Adventurer 0 Explorer 0 Win Type - Total 79 Types 14/9/35/5/1/2/12/0/1 Lore% 96 Gallery% 95 Achievement% 85 Wizard Run 0 Options --------- ASCII 0 Keyboard 0 Movement Numpad Keybinds 0 Fullscreen 1 Font 18/SmallcapsGlow Map View 76x50 Tactical HUD 1 Map Filters NONE Filters NONE Steam 1 RUN: 5d35c2b3-5acf-49b0-84e5-4d755e625006